 Dungeon Crawl Stone Soup version 0.26-a0-1181-gd376ed14c5 (webtiles) character file.

Game seed: 14272443176321071183

194960 uibert the Arsonist (level 18, -16/120 HPs)
             Began as a Demonspawn Fire Elementalist on Dec 24, 2020.
             Was a High Priest of Vehumet.
             Demolished by an ettin simulacrum (35 damage)
             ... on level 2 of the Abyss on Dec 25, 2020.
             The game lasted 05:15:14 (60533 turns).

uibert the Arsonist (Demonspawn Fire Elementalist) Turns: 60533, Time: 05:15:15

Health: -16/120    AC: 14    Str: 19    XL:     18   Next: 11%
Magic:  25/34      EV: 17    Int: 27    God:    Vehumet [*****.]
Gold:   2248       SH:  5    Dex: 15    Spells: 4/36 levels left

rFire    + . .     SeeInvis +   P - +9 heavy crossbow "Sniper" {vorpal, Acc+∞ SInv}
rCold    . . .     Faith    .   (shield currently unavailable)
rNeg     + . .     Spirit   .   L - +2 robe {Archmagi}
rPois    +         Reflect  +   T - +2 hat
rElec    .         Harm     .   l - +2 cloak
rCorr    .         Rampage  .   q - +2 pair of gloves
Will     +....                  (boots unavailable)
Stlth    ++++......             Z - amulet of a Billion Beggars {Reflect *Contam rPois rF+ Str+8 SH+5}
HPRegen  0.30/turn              O - +6 ring of intelligence
MPRegen  0.24/turn              E - ring of magical power

@: no status effects
A: horns 1, talons 3, thin metallic scales 1, demonic guardian 2, frail 1, low
mp 2, negative energy resistance 1, spiny 2, MP-powered wands
a: Renounce Religion


You were on level 2 of the Abyss.
You worshipped Vehumet.
Vehumet was extremely pleased with you.
You visited 7 branches of the dungeon, and saw 32 of its levels.
You visited the Abyss 1 time.
You also visited: Sewer and Ossuary.

You collected 3237 gold pieces.
You spent 989 gold pieces at shops.

Inventory:

Hand Weapons
 g - a +2 demon trident of venom
 F - the +12 triple crossbow "Misoir" {venom, Dex+4}
   (You acquired it on level 14 of the Dungeon)

   It poisons the ammo it fires.
   It affects your dexterity (+4).
 I - the +6 arbalest "Damnation" {damnation}
   (You acquired it on level 1 of the Spider Nest)
 P - the +9 heavy crossbow "Sniper" (weapon) {vorpal, Acc+∞ SInv}
   (You found it on level 12 of the Dungeon)

   Any bolt fired from it inflicts extra damage.
   It lets you see invisible.
Missiles
 V - 230 bolts (quivered ammo)
Armour
 l - a +2 cloak (worn)
 q - a +2 pair of gloves (worn)
 L - a +2 robe of the Archmagi (worn)
 T - a +2 hat (worn)
Magical Staves
 o - an uncursed staff of fire
Jewellery
 s - an uncursed amulet of the acrobat
 w - a +6 ring of intelligence
 E - a ring of magical power (right hand)
 H - the amulet "Ewuonk" {+Blink rPois Regen+}
   (You found it on level 5 of the Lair of Beasts)

   [amulet of regeneration]

   It protects you from poison.
   It lets you blink.
   It increases your rate of regeneration.
 J - a +4 ring of protection
 M - an uncursed ring of poison resistance
 O - a +6 ring of intelligence (left hand)
 Q - an uncursed ring of see invisible
 R - an uncursed ring of protection from fire
 S - an uncursed ring of stealth
 X - an uncursed ring of flight
 Z - the amulet of a Billion Beggars (around neck) {Reflect *Contam rPois rF+ Str+8 SH+5}
   (You took it off a deep elf mage on level 12 of the Dungeon)

   [amulet of reflection]

   It shields you and reflects attacks.
   It affects your strength (+8).
   It protects you from fire.
   It protects you from poison.
   It causes magical contamination when unequipped.
   It affects your SH (+5).
Wands
 d - a wand of flame (84)
 j - a wand of polymorph (44)
 D - a wand of paralysis (16)
 U - a wand of random effects (43)
 W - a wand of acid (8)
 Y - a wand of iceblast (7)
Scrolls
 b - a scroll of enchant weapon
 c - 4 scrolls of holy word
 f - 15 scrolls of remove curse
 m - 7 scrolls of fear
 n - 9 scrolls of teleportation
 u - 8 scrolls of magic mapping
 y - 4 scrolls of fog
 C - 4 scrolls of identify
 G - a scroll of blinking
Potions
 a - a potion of magic
 e - 3 potions of ambrosia
 i - 8 potions of cancellation
 k - 4 potions of might
 p - 5 potions of berserk rage
 t - a potion of invisibility
 v - 5 potions of haste
 x - 8 potions of brilliance
 z - 8 potions of flight
 A - 11 potions of curing
 B - a potion of resistance
 N - 2 potions of attraction
Miscellaneous
 h - a phantom mirror
 K - a phantom mirror


   Skills:
 + Level 10.1 Fighting
 * Level 9.6 Crossbows
 - Level 8.0 Dodging
 - Level 8.0 Stealth
 + Level 9.7 Spellcasting
 * Level 13.8 Conjurations
 * Level 13.3 Necromancy
 * Level 14.7 Fire Magic
 + Level 10.7 Invocations
 - Level 6.8 Evocations


You had 4 spell levels left.
You knew the following spells:

 Your Spells              Type           Power        Failure   Level
a - Foxfire               Conj/Fire      100%         0%          1
b - Sticky Flame          Conj/Fire      94%          1%          4
c - Blink                 Tloc           N/A          7%          2
d - Fireball              Conj/Fire      47%          1%          5
e - Vampiric Draining     Necr           45%          1%          3
f - Animate Dead          Necr           45%          1%          4
g - Orb of Destruction    Conj           46%          3%          7
h - Starburst             Conj/Fire      47%          1%          6

Your spell library contained the following spells:

 Spells                   Type           Power        Failure   Level
 Magic Dart               Conj           100%         0%          1
 Animate Skeleton         Necr           100%         1%          1
 Pain                     Necr           100%         1%          1
 Shock                    Conj/Air       100%         1%          1
 Conjure Flame            Conj/Fire      94%          1%          3
 Inner Flame              Hex/Fire       68%          1%          3
 Mephitic Cloud           Conj/Pois/Air  54%          1%          3
 Static Discharge         Conj/Air       66%          1%          3
 Apportation              Tloc           38%          4%          1
 Summon Small Mammal      Summ           76%          4%          1
 Call Imp                 Summ           19%          7%          2
 Passwall                 Tmut/Erth      15%          7%          2
 Slow                     Hex            19%          7%          2
 Swiftness                Air            19%          7%          2
 Airstrike                Air            9%           12%         4
 Call Canine Familiar     Summ           19%          13%         3
 Confusing Touch          Hex            19%          13%         3
 Gell's Gravitas          Tloc           9%           13%         3
 Lesser Beckoning         Tloc           9%           13%         3
 Summon Guardian Golem    Hex/Summ       19%          13%         3
 Tukima's Dance           Hex            19%          13%         3
 Passage of Golubria      Tloc           N/A          41%         4
 Petrify                  Tmut/Erth      19%          41%         4
 Summon Ice Beast         Ice/Summ       19%          41%         4
 Summon Lightning Spire   Summ/Air       19%          41%         4
 Agony                    Necr           91%          1%          5
 Lightning Bolt           Conj/Air       33%          1%          5
 Lee's Rapid Deconstruct  Erth           9%           30%         5
 Yara's Violent Unravell  Hex/Tmut       9%           30%         5
 Alistair's Intoxication  Tmut/Pois      12%          77%         5
 Metabolic Englaciation   Hex/Ice        9%           77%         5
 Invisibility             Hex            19%          100%        6


Dungeon Overview and Level Annotations

Branches:
Dungeon (15/15)            Temple (1/1) D:5            Lair (6/6) D:10
 Shoals (1/4) Lair:4       Spider (4/4) Lair:3        Slime (0/5) Lair:5
    Orc (2/2) D:11            Elf (3/3) Orc:2        Vaults (0/5) D:14
 Depths (0/5) D:15          Sewer (visited)         Ossuary (visited)

Altars:
Cheibriados
Dithmenos
Elyvilon
Fedhas
Gozag
Hepliaklqana
Kikubaaqudgha
Makhleb
Nemelex Xobeh
Okawaru
Qazlal
Ru
Sif Muna
Trog
Uskayaw
Vehumet
Wu Jian
Xom
Yredelemnul
Zin
Jiyva

Shops:
D:9 *   D:10 }   D:12 *   Orc:1 !   Orc:2 :*[(   Elf:1 [}(   Elf:2 *

Annotations:
D:14 2 runed translucent doors, exclusion: orange crystal statue
Lair:4 3 runed translucent doors, Fifowuza's ghost, journeyman DrTm; Juirae's ghost, journeyman TrMo; Wairalebb's ghost, journeyman BaFi
Spider:4 Agnes; Louise


Innate Abilities, Weirdness & Mutations

You have claws for feet.
You are partially covered in thin metallic scales. (AC +2)
A demonic guardian rushes to your aid.
You resist negative energy. (rN+)
You are mostly covered in sharp spines.
You have a pair of small horns on your head.
You are frail. (-10% HP)
Your magical capacity is very low. (-20% MP)
You expend magic power (3 MP) to strengthen your wands.


Message History

The ettin simulacrum is struck by your spines.
The ettin simulacrum closely misses you. x2
Fire: 231 bolts
Press: ? - help, Q - select action, (/) - cycle Shift-Dir - straight line, f - ettin simulacrum
Aim: an ettin simulacrum (lightly damaged)
You shoot a bolt.
The bolt hits the ettin simulacrum but does no damage.
The ettin simulacrum is lightly damaged.
The ettin simulacrum is struck by your spines.
The ettin simulacrum hits you! The ettin simulacrum freezes you!!
* * * LOW HITPOINT WARNING * * *
The ettin simulacrum completely misses you.
You block the ettin simulacrum's attack.
The ettin simulacrum completely misses you.
A white draconian comes into view. It is wielding a +0 battleaxe.
You block the ettin simulacrum's attack.
The ettin simulacrum hits you!
* * * LOW HITPOINT WARNING * * *
The ettin simulacrum freezes you!!
You die...

# # . # . ##.
.#. .d##.##
#....# . .
#....####.#
##.#....# # .#
#3.@##..# #
.#.#Z....# #.
##..#.#.#.# ##
...#.##.....#
. # #
#..#..######
#.##...#.##..#
#. ## ..3 .##
# # #.
W#...(#..# # #
#.....#.####


You could see a white draconian (wandering), an ettin simulacrum and a friendly
soul eater (summoned).

Vanquished Creatures
  Arachne (Spider:2)
  Jorgrun (D:14)
  Rupert (Lair:3)
  A deep elf blademaster (Elf:2)
  A tentacled starspawn (Abyss:2)
  Kirke (Spider:1)
  A deep elf sorcerer (Elf:2)
  2 ghost moths
  Aizul (Elf:1)
  A deep elf elementalist (Elf:1)
  An emperor scorpion (Spider:1)
  An orc warlord (Orc:2)
  Azrael (Spider:2)
  2 entropy weavers
  2 ettins
  The ghost of sahdkjhfkaj the Thaumaturge, a journeyman DECj of Sif Muna (Lair:5)
  A merfolk impaler (Shoals:1)
  The ghost of sahdkjhfkaj the Grappler, a journeyman TrBe of Trog (D:11)
  A death ooze (Lair:5)
  A deep elf death mage (Elf:2)
  3 ogre magi (D:15)
  2 boulder beetles
  6 hydras
  3 centaur warriors
  4 death yaks
  11 two-headed ogres
  4 catoblepae (Lair:6)
  29 dancing weapons
  4 orc high priests
  A thrashing horror (Abyss:2)
  16 deep elf knights
  Sonja (Lair:2)
  A sixfirhy (Abyss:2)
  3 unseen horrors
  A deep troll (D:15)
  14 deep elf archers
  Pikel (D:6)
  3 orc knights (Orc:2)
  12 ugly things
  6 orb spiders
  15 wolf spiders
  3 manticores
  4 cyclopes
  7 elephants
  8 orc sorcerers
  72 deep elf magi
  A shining eye (Abyss:2)
  A large abomination (Abyss:2)
  A moth of wrath (shapeshifter) (Elf:1)
  6 black mambas
  12 cane toads
  A gargoyle (D:11)
  2 rime drakes
  10 demonic crawlers
  7 komodo dragons
  2 tengu conjurers (D:14)
  A wind drake (Shoals:1)
  12 jumping spiders
  7 trolls
  2 hornets (Spider:3)
  2 merfolk (Shoals:1)
  15 slime creatures
  A snapping turtle (Lair:4)
  20 blink frogs
  6 dream sheep
  A meliai zombie (D:15)
  2 air elementals
  Sigmund (D:6)
  16 redbacks
  7 wraiths
  4 water elementals
  17 tarantellas
  4 wyverns
  2 vampires (D:14)
  2 fire bats (Lair:5)
  39 yaks
  5 basilisks
  6 fire elementals
  2 hogs (Spider:1)
  A chaos spawn (Abyss:2)
  2 humans (D:9)
  7 vampire mosquitoes
  2 wargs
  An acid dragon (D:13)
  3 hell hounds
  27 orc warriors
  11 water moccasins
  4 sky beasts
  4 ice beasts
  2 hornet zombies
  An eye of draining (D:14)
  A black bear (Lair:5)
  3 phantoms
  9 ogres
  13 wolves
  11 centaurs
  A lemure (D:5)
  3 elf zombies (Ossuary)
  Blork the orc (D:6)
  19 bullfrogs
  An earth elemental (Elf:3)
  A wyvern zombie (D:7)
  A small abomination (Abyss:2)
  A wyvern skeleton (D:11)
  3 scorpions
  7 killer bees
  2 howler monkeys
  22 wights
  3 electric eels
  6 centaur zombies
  3 bullfrog zombies
  9 jellies
  Crazy Yiuf (D:6)
  2 bullfrog skeletons
  3 hounds
  A quasit (D:11)
  20 orc priests
  Ijyb (D:4)
  6 iguanas
  9 worker ants
  14 orc wizards
  2 big kobold zombies (Ossuary)
  A hound zombie (D:3)
  A hound skeleton (D:11)
  2 mummies (Ossuary)
  A worker ant zombie (D:7)
  4 gnolls
  A howler monkey skeleton (D:5)
  11 adders
  A river rat (D:5)
  2 shadow imps
  3 white imps
  An ufetubus (D:8)
  2 oozes (Lair:5)
  A worm zombie (D:4)
  An adder skeleton (D:5)
  4 adder zombies
  7 worms
  9 leopard geckos
  74 orcs
  12 giant cockroaches
  5 goblins
  7 hobgoblins
  10 jackals
  6 quokkas
  3 ball pythons
  6 bats
  12 frilled lizards
  A goblin zombie (D:4)
  7 hobgoblin zombies (Ossuary)
  2 jackal zombies (Ossuary)
  7 kobolds
  10 kobold zombies (Ossuary)
  A leopard gecko skeleton (D:7)
  9 orc zombies (Ossuary)
  9 rats
  3 rat zombies
954 creatures vanquished.

Vanquished Creatures (collateral kills)
  Asterion (Spider:2)
  Gastronok (Lair:3)
  2 hydras
  An ogre mage (D:15)
  2 two-headed ogres
  6 death yaks
  Nergalle (Lair:3)
  2 deep elf knights
  An unseen horror (D:11)
  3 deep elf magi
  An orc sorcerer (Orc:2)
  2 elephants (Lair:5)
  2 black mambas (Lair:6)
  2 centaur zombies (D:11)
  A cane toad (Lair:3)
  A kobold demonologist (D:12)
  A troll (D:11)
  5 dream sheep
  4 blink frogs
  5 slime creatures (D:12)
  A redback (Spider:4)
  12 yaks
  2 tarantellas (Spider:4)
  A basilisk (Lair:1)
  A fire elemental (Spider:1)
  4 water moccasins
  2 bullfrogs (Lair:1)
  2 killer bees (D:10)
  A wight (D:8)
  A quasit (D:11)
  An orc priest (D:8)
  2 orcs
  5 foxfires
79 creatures vanquished.

Vanquished Creatures (others)
  2 orc priests (D:10)
  An orc wizard (D:10)
  An iguana (D:10)
  An ufetubus (D:10)
  A bush (Lair:6)
  1519 foxfires
  48 fungi
  98 plants
  13 starspawn tentacles (Abyss:2)
  4 withered plants (Lair:4)
1688 creatures vanquished.

Grand Total: 2721 creatures vanquished

Notes
Turn   | Place    | Note
-------+----------+-------------------------------------------
     0 | D:1      | uibert the Demonspawn Fire Elementalist began the quest for
                  | the Orb.
     0 | D:1      | Reached XP level 1. HP: 13/13 MP: 3/3
    82 | D:1      | Reached skill level 3 in Fire Magic
   331 | D:1      | Gained mutation: You are partially covered in sharp spines.
                  | [demonic ancestry]
   331 | D:1      | Reached XP level 2. HP: 8/19 MP: 0/5
  1001 | D:1      | Reached XP level 3. HP: 22/24 MP: 3/6
  1266 | D:2      | Reached skill level 4 in Fire Magic
  1601 | D:2      | Reached XP level 4. HP: 30/30 MP: 5/7
  2133 | D:2      | Reached skill level 5 in Fire Magic
  2460 | D:3      | Learned a level 4 spell: Sticky Flame
  2644 | D:3      | Reached XP level 5. HP: 35/35 MP: 0/8
  3388 | D:4      | Noticed a phantom
  3407 | D:3      | Killed a phantom
  3408 | D:3      | Reached skill level 6 in Fire Magic
  3408 | D:3      | Gained mutation: You are partially covered in thin metallic
                  | scales. (AC +2) [demonic ancestry]
  3408 | D:3      | Reached XP level 6. HP: 29/41 MP: 1/9
  3864 | D:4      | Noticed Ijyb
  3884 | D:4      | Paralysed by Ijyb for 4 turns
  3894 | D:4      | Paralysed by Ijyb for 2 turns
  3897 | D:4      | Killed Ijyb
  3950 | D:4      | Found a sand-covered staircase.
  4013 | Ossuary  | Entered an ossuary
  4131 | Ossuary  | Learned a level 2 spell: Blink
  4233 | Ossuary  | Reached skill level 7 in Fire Magic
  4546 | Ossuary  | Reached XP level 7. HP: 45/46 MP: 1/10
  4854 | Ossuary  | Reached skill level 8 in Fire Magic
  5289 | D:5      | Entered Level 5 of the Dungeon
  5534 | D:5      | Found a staircase to the Ecumenical Temple.
  5736 | D:5      | Found a glowing drain.
  5745 | Sewer    | Entered a sewer
  6163 | Sewer    | Reached skill level 1 in Fighting
  6185 | Sewer    | Gained mutation: Your flesh is heat resistant. (rF+)
                  | [potion of mutation]
  6185 | Sewer    | Gained mutation: Your muscles are strong. (Str +2) [potion
                  | of mutation]
  6433 | Temple   | Entered the Ecumenical Temple
  6615 | Temple   | Became a worshipper of Vehumet
  6696 | D:5      | Gained mutation: You have sharp toenails. [demonic
                  | ancestry]
  6696 | D:5      | Reached XP level 8. HP: 36/54 MP: 4/11
  7211 | D:6      | Learned a level 5 spell: Fireball
  7224 | D:6      | Noticed Pikel
  7391 | D:6      | Found a sparkling altar of Nemelex Xobeh.
  7419 | D:6      | Noticed Blork the orc
  7428 | D:6      | Killed Blork the orc
  7767 | D:6      | Found an ornate altar of the Wu Jian Council.
  8047 | D:6      | Found a runed translucent door.
  8048 | D:6      | Noticed Crazy Yiuf
  8060 | D:6      | Killed Crazy Yiuf
  8264 | D:6      | Reached skill level 1 in Evocations
  8440 | D:6      | Found a blossoming altar of Fedhas.
  8440 | D:6      | Found a bloodstained altar of Trog.
  8440 | D:6      | Found a basalt altar of Yredelemnul.
  8440 | D:6      | Found a hide-covered altar of Uskayaw.
  8447 | D:6      | Found a sacrificial altar of Ru.
  8447 | D:6      | Found an ornate altar of the Wu Jian Council.
  8519 | D:6      | Noticed Sigmund
  8527 | D:6      | Killed Sigmund
  8587 | D:6      | Killed Pikel
  8993 | D:6      | Found a hazy altar of Hepliaklqana.
  9170 | D:6      | Reached skill level 9 in Fire Magic
  9170 | D:6      | Gained mutation: A weak demonic guardian rushes to your
                  | aid. [demonic ancestry]
  9170 | D:6      | Reached XP level 9. HP: 62/62 MP: 6/13
 10467 | D:8      | Reached * piety under Vehumet
 10467 | D:8      | Offered knowledge of Shock by Vehumet.
 11322 | D:8      | Reached skill level 5 in Conjurations
 11520 | D:8      | Found a shimmering altar of Xom.
 12335 | D:9      | Found an iron altar of Okawaru.
 12356 | D:9      | Gained mutation: A demonic guardian rushes to your aid.
                  | [demonic ancestry]
 12356 | D:9      | Reached XP level 10. HP: 62/71 MP: 8/16
 12779 | D:9      | Found Feery's Serpentskin Sales.
 12790 | D:9      | Reached ** piety under Vehumet
 12790 | D:9      | Offered knowledge of Freeze by Vehumet.
 13084 | D:10     | Entered Level 10 of the Dungeon
 13150 | D:10     | Found Toha's Gadget Shop.
 13154 | D:10     | Got a polished rapier
 13159 | D:10     | Identified the +1 rapier "Eviscerator" {vorpal, Str+4} (You
                  | found it on level 10 of the Dungeon)
 13382 | D:10     | Noticed an unseen horror
 13388 | D:10     | Killed an unseen horror
 13521 | D:10     | Reached skill level 10 in Fire Magic
 13766 | D:10     | Found a staircase to the Lair.
 14197 | D:11     | Noticed an unseen horror
 14202 | D:11     | Killed an unseen horror
 14292 | D:11     | Found a runed translucent gate.
 14293 | D:11     | Found a runed translucent gate.
 14294 | D:11     | Found a runed translucent gate.
 14296 | D:11     | Noticed sahdkjhfkaj's ghost (journeyman TrBe)
 14466 | D:11     | Reached skill level 5 in Stealth
 14518 | D:11     | Found a staircase to the Orcish Mines.
 14523 | D:11     | Learned a level 3 spell: Vampiric Draining
 14538 | D:11     | Noticed an unseen horror
 14546 | D:11     | Killed an unseen horror
 14547 | D:11     | Reached skill level 1 in Necromancy
 14598 | D:11     | Noticed a cyclops
 14610 | D:11     | Killed a cyclops
 14612 | D:11     | Reached skill level 5 in Spellcasting
 14612 | D:11     | Gained mutation: You have razor-sharp toenails. [demonic
                  | ancestry]
 14612 | D:11     | Reached XP level 11. HP: 32/78 MP: 3/18
 14648 | D:11     | Noticed a two-headed ogre
 14953 | D:11     | Killed a two-headed ogre
 14994 | D:11     | Offered knowledge of Ignite Poison by Vehumet.
 15421 | D:12     | Reached *** piety under Vehumet
 15616 | D:12     | Reached skill level 5 in Fighting
 15616 | D:12     | Reached skill level 5 in Dodging
 15747 | D:12     | Found Plog's Changing Room.
 15773 | D:12     | Bought a potion of mutation for 120 gold pieces
 15920 | D:12     | Noticed a white ugly thing
 15931 | D:12     | Killed a white ugly thing
 15993 | D:12     | Noticed a deep elf mage
 15993 | D:12     | Noticed a deep elf mage
 16005 | D:12     | Killed a deep elf mage
 16006 | D:12     | Killed a deep elf mage
 16056 | D:12     | Noticed a deep elf mage
 16066 | D:12     | Killed a deep elf mage
 16066 | D:12     | Offered knowledge of Frozen Ramparts by Vehumet.
 16072 | D:12     | Noticed a deep elf mage
 16076 | D:12     | Noticed a deep elf knight
 16093 | D:12     | Killed a deep elf mage
 16218 | D:12     | Reached skill level 5 in Evocations
 16370 | D:12     | Noticed a deep elf mage
 16376 | D:12     | Killed a deep elf mage
 16956 | D:12     | Noticed a soul eater
 16969 | D:12     | Noticed a deep elf mage
 16983 | D:12     | Killed a deep elf mage
 16986 | D:12     | Noticed a deep elf mage
 16991 | D:12     | Noticed a two-headed ogre
 17007 | D:12     | Killed a two-headed ogre
 17164 | Lair:1   | Entered Level 1 of the Lair of Beasts
 17164 | Lair:1   | Noticed a five-headed hydra
 17170 | Lair:1   | Killed a five-headed hydra
 17280 | Lair:1   | Learned a level 4 spell: Animate Dead
 17314 | Lair:1   | Reached **** piety under Vehumet
 17385 | Lair:1   | Reached skill level 11 in Fire Magic
 17386 | Lair:1   | Reached skill level 5 in Necromancy
 17386 | Lair:1   | Reached XP level 12. HP: 86/86 MP: 6/20
 17407 | Lair:1   | Offered knowledge of Fulminant Prism by Vehumet.
 17408 | Lair:1   | Reached skill level 1 in Invocations
 19029 | Lair:2   | Noticed a six-headed hydra
 19034 | Lair:2   | Killed a six-headed hydra
 19714 | Lair:2   | Noticed Sonja
 19716 | Lair:2   | Killed Sonja
 20528 | Lair:3   | Noticed Rupert
 20660 | Lair:3   | Noticed Nergalle
 20670 | Lair:3   | Killed Nergalle
 20671 | Lair:3   | Noticed a six-headed hydra
 20676 | Lair:3   | Killed a six-headed hydra
 20691 | Lair:3   | Noticed Gastronok
 20801 | Lair:3   | Killed Gastronok
 21191 | Lair:3   | Found a hole to the Spider Nest.
 21776 | Lair:4   | Gained mutation: You have claws for feet. [demonic
                  | ancestry]
 21776 | Lair:4   | Reached XP level 13. HP: 85/94 MP: 1/22
 22080 | D:12     | Identified the amulet of a Billion Beggars {Reflect *Contam
                  | rPois rF+ Str+8 SH+5}
 23284 | D:12     | Found the +9 heavy crossbow "Sniper" {vorpal, Acc+∞ SInv}
 23292 | D:12     | Identified the Collected Works on Unholy Summoning
 23637 | Lair:3   | Killed Rupert
 24444 | Lair:4   | Reached ***** piety under Vehumet
 24600 | Lair:4   | Offered knowledge of Lightning Bolt by Vehumet.
 24716 | Lair:4   | Reached skill level 5 in Invocations
 24821 | Lair:4   | Reached skill level 12 in Fire Magic
 24972 | Lair:4   | Reached skill level 1 in Crossbows
 25076 | Lair:4   | Found a staircase to the Shoals.
 25199 | Lair:4   | Found a runed translucent gate.
 25200 | Lair:4   | Found a runed translucent gate.
 25202 | Lair:4   | Found a runed translucent gate.
 25242 | Lair:4   | Noticed Fifowuza's ghost (journeyman DrTm)
 25243 | Lair:4   | Noticed Juirae's ghost (journeyman TrMo)
 25243 | Lair:4   | Noticed Wairalebb's ghost (journeyman BaFi)
 26446 | Lair:5   | Reached skill level 10 in Conjurations
 27328 | Lair:5   | Found a runed translucent gate.
 27328 | Lair:5   | Found a runed translucent gate.
 27328 | Lair:5   | Found a runed translucent gate.
 27739 | Lair:5   | Found a runed translucent door.
 27739 | Lair:5   | Found a viscous altar of Jiyva.
 27739 | Lair:5   | Found a staircase to the Slime Pits.
 27797 | Lair:5   | Reached XP level 14. HP: 103/103 MP: 12/24
 28378 | Lair:5   | Noticed sahdkjhfkaj's ghost (journeyman DECj)
 28382 | Lair:5   | Found a viscous altar of Jiyva.
 28705 | Lair:6   | Entered Level 6 of the Lair of Beasts
 29645 | Lair:6   | Identified a scroll of acquirement
 29646 | Lair:6   | Acquired an uncursed staff of death
 29860 | Lair:1   | Lost mutation: Your muscles are strong. (Str +2) [potion of
                  | mutation]
 29860 | Lair:1   | Lost mutation: Your flesh is heat resistant. (rF+) [potion
                  | of mutation]
 29860 | Lair:1   | Gained mutation: You have a pair of small horns on your
                  | head. [potion of mutation]
 29860 | Lair:1   | Gained mutation: You are strong-willed. (Will+) [potion of
                  | mutation]
 29860 | Lair:1   | Gained mutation: Your mind is acute. (Int +2) [potion of
                  | mutation]
 29860 | Lair:1   | Gained mutation: You passively map a small area around you.
                  | [potion of mutation]
 31945 | Lair:6   | Offered knowledge of Irradiate by Vehumet.
 32772 | Orc:1    | Entered Level 1 of the Orcish Mines
 33124 | Orc:1    | Found Labbiebrixt's Distillery.
 33737 | Orc:2    | Entered Level 2 of the Orcish Mines
 33991 | Orc:2    | Found a staircase to the Elven Halls.
 34250 | Orc:2    | Upgraded the game from 0.26-a0-1177-g1209ec82b9 to
                  | 0.26-a0-1181-gd376ed14c5
 34539 | Orc:2    | Noticed an orc warlord
 34548 | Orc:2    | Killed an orc warlord
 34617 | Orc:2    | Reached XP level 15. HP: 110/110 MP: 15/26
 34850 | Orc:2    | Offered knowledge of Orb of Destruction by Vehumet.
 34859 | Orc:2    | Learned a level 7 spell: Orb of Destruction
 35001 | Orc:2    | Found Vatis's General Store.
 35002 | Orc:2    | Found Vussoirur's Book Boutique.
 35007 | Orc:2    | Found Laly's Antique Armour Boutique.
 35007 | Orc:2    | Found Zoru's Antique Weapon Shop.
 35065 | Orc:2    | Bought a scroll of identify for 34 gold pieces
 35065 | Orc:2    | Bought a scroll of teleportation for 51 gold pieces
 35065 | Orc:2    | Bought a scroll of identify for 34 gold pieces
 35470 | Orc:2    | Bought the +2 robe of Kikubaaqudgha's Hatred {Int+2 Dex+3}
                  | for 479 gold pieces
 36248 | D:11     | Killed sahdkjhfkaj's ghost
 37187 | D:13     | Reached skill level 5 in Crossbows
 37187 | D:13     | Reached skill level 10 in Necromancy
 37833 | D:13     | Got an ancient war axe
 38303 | D:13     | Identified the +9 war axe of Paper {protect, MP+9} (You
                  | found it on level 13 of the Dungeon)
 38349 | D:13     | Reached skill level 13 in Fire Magic
 38650 | D:14     | Found a runed translucent door.
 38923 | D:14     | Acquired the +12 triple crossbow "Misoir" {venom, Dex+4}
 39062 | D:14     | Noticed Jorgrun
 39067 | D:14     | Killed Jorgrun
 39370 | D:14     | Found a runed translucent door.
 40002 | D:14     | Found a gate to the Vaults.
 40061 | D:14     | Found a runed translucent door.
 40107 | D:14     | Found a runed translucent door.
 40667 | Elf:1    | Entered Level 1 of the Elven Halls
 40892 | Orc:1    | Bought a potion of heal wounds for 75 gold pieces
 40892 | Orc:1    | Bought a potion of mutation for 120 gold pieces
 41166 | Spider:1 | Entered Level 1 of the Spider Nest
 42807 | Spider:1 | Acquired the +6 arbalest "Damnation" {damnation}
 42808 | Spider:1 | Found the +6 arbalest "Damnation" {damnation}
 44958 | D:15     | Entered Level 15 of the Dungeon
 45357 | D:15     | Reached XP level 16. HP: 118/118 MP: 18/28
 45586 | D:15     | Found a staircase to the Depths.
 45833 | D:15     | Offered knowledge of Conjure Ball Lightning by Vehumet.
 47759 | Lair:5   | Killed sahdkjhfkaj's ghost
 47943 | Lair:5   | Got a pitted emerald amulet
 48131 | Lair:1   | Identified the amulet "Ewuonk" {+Blink rPois Regen+} (You
                  | found it on level 5 of the Lair of Beasts)
 48264 | Lair:1   | Lost mutation: Your mind is acute. (Int +2) [potion of
                  | mutation]
 48264 | Lair:1   | Lost mutation: You are strong-willed. (Will+) [potion of
                  | mutation]
 48264 | Lair:1   | Gained mutation: Your body sometimes deteriorates upon
                  | taking damage. [potion of mutation]
 48264 | Lair:1   | Gained mutation: You are somewhat resistant to further
                  | mutation. [potion of mutation]
 48265 | Lair:1   | Lost mutation: Your body sometimes deteriorates upon taking
                  | damage. [potion of mutation]
 48265 | Lair:1   | Lost mutation: You passively map a small area around you.
                  | [potion of mutation]
 48265 | Lair:1   | Gained mutation: Armour fits poorly on your strangely
                  | shaped body. [potion of mutation]
 48410 | Spider:2 | Noticed Azrael
 48803 | Spider:2 | Noticed Kirke
 48932 | Spider:1 | Killed Kirke
 49284 | Spider:2 | Killed Azrael
 49384 | Spider:2 | Noticed Asterion
 49583 | Spider:2 | Killed Asterion
 50254 | Spider:2 | Noticed Arachne
 50453 | Spider:2 | Killed Arachne
 51351 | Elf:1    | Found Poiwn's Weapon Emporium.
 51353 | Elf:1    | Found Fiuk Zebb's Gadget Shoppe.
 51355 | Elf:1    | Found Dubbawnu's Armour Emporium.
 51770 | Elf:1    | Noticed Aizul
 51844 | Elf:1    | Killed Aizul
 52549 | Elf:1    | Reached skill level 14 in Fire Magic
 53679 | Elf:2    | Gained mutation: You are mostly covered in sharp spines.
                  | [demonic ancestry]
 53679 | Elf:2    | Reached XP level 17. HP: 126/126 MP: 26/30
 53956 | Elf:2    | Offered knowledge of Iron Shot by Vehumet.
 54060 | Elf:2    | Found Uzasaas's General Store.
 54063 | Elf:2    | Bought a scroll of identify for 38 gold pieces
 54063 | Elf:2    | Bought a scroll of identify for 38 gold pieces
 54248 | Elf:2    | Found a runed translucent door.
 54278 | Elf:2    | Found a runed translucent door.
 54747 | Elf:2    | Reached skill level 10 in Invocations
 55113 | Elf:2    | Noticed a deep elf blademaster
 55118 | Elf:2    | Killed a deep elf blademaster
 55698 | Elf:3    | Entered Level 3 of the Elven Halls
 57204 | Elf:3    | Lost mutation: You are somewhat resistant to further
                  | mutation. [potion of mutation]
 57204 | Elf:3    | Lost mutation: Armour fits poorly on your strangely shaped
                  | body. [potion of mutation]
 57204 | Elf:3    | Lost mutation: You have a pair of small horns on your head.
                  | [potion of mutation]
 57204 | Elf:3    | Gained mutation: You are frail. (-10% HP) [potion of
                  | mutation]
 57204 | Elf:3    | Gained mutation: You expend magic power (3 MP) to
                  | strengthen your wands. [potion of mutation]
 57662 | Elf:3    | Reached skill level 10 in Fighting
 58182 | Shoals:1 | Entered Level 1 of the Shoals
 59494 | Spider:4 | Entered Level 4 of the Spider Nest
 59935 | Spider:3 | Offered knowledge of Starburst by Vehumet.
 59943 | Spider:3 | Learned a level 6 spell: Starburst
 59986 | Spider:3 | Gained mutation: You resist negative energy. (rN+) [demonic
                  | ancestry]
 59986 | Spider:3 | Reached XP level 18. HP: 120/120 MP: 16/31
 60259 | Spider:4 | Noticed Agnes
 60365 | Spider:4 | Noticed Louise
 60366 | Spider:4 | Cast into level 2 of the Abyss (Louise)
 60464 | Abyss:2  | Gained mutation: Your magical capacity is low. (-10% MP) [a
                  | shining eye]
 60465 | Abyss:2  | Gained mutation: You have a pair of small horns on your
                  | head. [a shining eye]
 60475 | Abyss:2  | Gained mutation: Your magical capacity is very low. (-20%
                  | MP) [a shining eye]
 60476 | Abyss:2  | Noticed an ancient lich
 60533 | Abyss:2  | Demolished by an ettin simulacrum

Illustrated notes

Levels and vault maps discovered:
D:1:      wander_arrival_chamber, layout_loops_cross
D:2:      layout_basic
D:3:      layout_basic
D:4:      layout_basic, enter_ossuary_3, uniq_ijyb
D:5:      layout_basic, minmay_temple_entry_large_hall, portal_sewer_entry_b
D:6:      layout_layer_cave, minmay_overflow_temple_hex,
          nzn_hepliaklqana_mist_gate, nemelex_xobeh_ov_fountains_minmay,
          basic_altar, uniq_crazy_yiuf_cottage, uniq_blork_the_orc, uniq_pikel,
          uniq_sigmund
D:7:      layout_cave_pools
D:8:      layout_gridville, xom_teletrap_fun
D:9:      layout_roguey, okawaru_humans, guppyfry_shop_venom
D:10:     layout_rooms, lair_entry_dummy, serial_shops, shop,
          lemuel_flamethrower_hall
D:11:     layout_long_grid, orc_0_dummy, ebering_ghost_rock_garden
D:12:     minmay_elf_outpost, layout_stronghold, gauntlet_entry_generic,
          nicolae_transmutations_shop, hangedman_abyss_or_decor_slice
D:13:     layout_cave_pools
D:14:     layout_long_grid, david_vaults_1, hangedman_abyss_or_decor_stabs,
          chequers_serial_rivers_small_3, minmay_misc_feat_iff,
          roderic_three_in_a_row, minmay_statue_crystal_thing, uniq_jorgrun
D:15:     hangedman_depths_entry_civil_slaughter, layout_basic,
          patterned_corridor
Temple:   minmay_temple_forest_path
Lair:1:   layout_gridlike, lemuel_fruit_tree
Lair:2:   layout_layer_cave, serial_bayou_shore_b, serial_bayou_shore_a,
          uniq_sonja
Lair:3:   layout_cave_shapes, spider_nest_entry_a, st_stairs_12, uniq_rupert,
          uniq_nergalle, uniq_gastronok
Lair:4:   layout_hall_layers, minmay_shoals_entry_hut, gammafunk_ghost_cemetery
Lair:5:   layout_gridlike, slime_altar_2, gammafunk_ghost_ooze
Lair:6:   evilmike_catoblepas_cave, layout_regular_city, serial_bayou_shore_b
Shoals:1: layout_shoals, shoals_oasis, uniq_nikola
Spider:1: layout_chambers, einodemon_crawler_minivault
Spider:2: layout_spider_delve, hangedman_spider_tarantella_strand,
          uniq_asterion, uniq_arachne, uniq_kirke, uniq_azrael
Spider:3: layout_spider_delve
Spider:4: grunt_spider_rune_circles, uniq_roxanne, uniq_agnes, uniq_louise
Orc:1:    layout_caves, serial_shops, shop
Orc:2:    st_orc_congregation, layout_diamond_mine
Elf:1:    elf_arrival_002, layout_loops_cross, minivault_28, minmay_shop_star,
          uniq_aizul
Elf:2:    layout_loops_corners, serial_shops, nicolae_shop_trees,
          lemuel_elevator
Elf:3:    minmay_elf_hall_dome, layout_onion_city
Abyss:2:  base: Lair:3, hangedman_abyss_or_decor_stabs, patterned_corridor,
          evilmike_abyss_exit_10, hangedman_decor_riveting, base:
Lair:3

Skill      XL: |  1  2  3  4  5  6  7  8  9 10 11 12 13 14 15 16 17 |
---------------+----------------------------------------------------+-----
Fire Magic     | 3 4 5 6 7 8 9 10 11 12 13 14 | 14.7
Stealth        | 2 3 4 5 6 7 8 |  8.0
Dodging        | 2 3 4 5 6 7 8 |  8.0
Fighting       | 1 2 3 4 5 6 7 8 9 10 | 10.1
Conjurations   | 3 5 6 8 9 10 11 12 13 | 13.8
Evocations     | 2 3 4 5 6 |  6.8
Spellcasting   | 3 4 5 6 7 8 9 |  9.7
Necromancy     | 1 5 6 8 9 10 12 13 | 13.3
Invocations    | 3 5 7 8 9 10 | 10.7
Crossbows      | 2 4 6 8 9 |  9.6

Action                   |  1- 3 |  4- 6 |  7- 9 | 10-12 | 13-15 | 16-18 || total
-------------------------+-------+-------+-------+-------+-------+-------++-------
Melee: Club              |    23 |       |       |       |       |       ||    23
       Dagger            |    14 |    43 |    56 |       |       |       ||   113
       Staff             |       |       |    61 |   125 |     5 |       ||   191
       Kick              |       |       |       |       |     1 |       ||     1
       Heavy crossbow    |       |       |       |       |       |     2 ||     2
 Fire: Heavy crossbow    |       |       |       |       |   173 |    91 ||   264
       Triple crossbow   |       |       |       |       |    11 |       ||    11
       Arbalest          |       |       |       |       |     4 |       ||     4
 Cast: Foxfire           |    52 |   160 |   297 |   391 |    52 |     2 ||   954
       Sticky Flame      |       |       |    13 |    33 |    95 |    36 ||   177
       Fireball          |       |       |     1 |    40 |   397 |    87 ||   525
       Animate Dead      |       |       |       |     8 |     9 |       ||    17
       Blink             |       |       |       |     2 |       |       ||     2
       Vampiric Draining |       |       |       |     1 |       |       ||     1
       Orb of Destructio |       |       |       |       |       |   202 ||   202
       Starburst         |       |       |       |       |       |     3 ||     3
 Abil: Evoke Flight      |       |       |       |       |     2 |       ||     2
       Evoke Blink       |       |       |       |       |       |     2 ||     2
Evoke: Wand              |       |       |       |     1 |       |     2 ||     3
  Use: Scroll            |       |     1 |    11 |    12 |    20 |    10 ||    54
       Potion            |       |       |     1 |       |     2 |    11 ||    14
 Stab: Sleeping          |       |       |     2 |       |       |       ||     2
Armor: Robe              |    11 |    17 |    37 |    51 |    72 |    49 ||   237
Dodge: Dodged            |    37 |    21 |    86 |   158 |   216 |   194 ||   712
       Repelled          |       |       |     2 |     2 |     4 |       ||     8
Block: Other             |       |       |       |       |    63 |    47 ||   110
       Reflection        |       |       |       |       |     3 |     1 ||     4

Table legend: (Time is in decaauts)
 A = Elapsed time spent in this place.
 B = Non-inter-level travel time spent in this place.
 C = Inter-level travel time spent in this place.
 D = Time resting spent in this place.
 E = Time spent auto-exploring this place.
 F = Levels seen in this place.
 G = Mean time per level.
                   A        B        C        D        E       F      G
               +--------+--------+--------+--------+--------+-----+--------+
         Total |  61260 |  44851 |  16409 |  18451 |  11733 |  35 | 1750.3 |
       Dungeon |  26263 |  19442 |   6821 |   6688 |   7252 |  15 | 1750.9 |
        Temple |    236 |    183 |     53 |      0 |    175 |   1 |  236.0 |
          Lair |  15534 |  10582 |   4952 |   4803 |   2154 |   6 | 2589.0 |
        Shoals |     61 |     53 |      8 |      0 |      0 |   1 |   61.0 |
   Spider Nest |   7581 |   5472 |   2109 |   3266 |    925 |   4 | 1895.2 |
  Orcish Mines |   2997 |   2045 |    952 |    651 |    459 |   2 | 1498.5 |
   Elven Halls |   7021 |   5509 |   1512 |   2520 |    748 |   3 | 2340.3 |
         Abyss |    178 |    178 |      0 |      0 |      0 |   1 |  178.0 |
         Sewer |    506 |    506 |      0 |    118 |     20 |   1 |  506.0 |
       Ossuary |    878 |    878 |      0 |    404 |      0 |   1 |  878.0 |
               +--------+--------+--------+--------+--------+-----+--------+

Top non-repeatable levels by time:
Spider:1: 4524 daAuts
    D:12: 4151 daAuts
  Lair:6: 3220 daAuts
   Elf:2: 3023 daAuts
  Lair:5: 2917 daAuts
  Lair:2: 2815 daAuts
  Lair:4: 2616 daAuts
    D:15: 2267 daAuts
     D:6: 2242 daAuts
  Lair:1: 2231 daAuts
    D:14: 2219 daAuts
   Orc:2: 2143 daAuts
    D:11: 2125 daAuts
   Elf:1: 2056 daAuts
   Elf:3: 1941 daAuts
